TOP OF THE 1ST |
Hartford Yard Goats batting - Pitching for Lakewood BlueClaws : RHP William-Floyd Goof
|
Pitching: RHP William-Floyd Goof
|
|
Batting: SHB Eddie Quinones
|
0-0: Called Strike 0-1: Ball 1-1: Foul Ball, location: 2F 1-2: Ball 2-2: Ball 3-2: Fly out, F8 (Flyball, 89S, EV 82.5 MPH)
|
Batting: SHB Pete Perla
|
0-0: Ball 1-0: Ball 2-0: Ball 3-0: Called Strike 3-1: Base on Balls
|
Batting: LHB Jeremy Brammer
|
0-0: Grounds into double play, 4-6-3 (Groundball, 4, EV 85.0 MPH)
|
Top of the 1st over - 0 runs, 0 hits, 0 errors, 0 left on base; Hartford 0 - Lakewood 0 |
BOTTOM OF THE 1ST |
Lakewood BlueClaws batting - Pitching for Hartford Yard Goats : RHP Sipi Kilpinen
|
Pitching: RHP Sipi Kilpinen
|
|
Batting: LHB Jose Carlos
|
0-0: Called Strike 0-1: Foul Ball, location: 2F 0-2: Ball 1-2: DOUBLE (Flyball, 8RD, EV 98.8 MPH)
|
Batting: SHB Bob Dixon
|
0-0: Ground out 1-3 (Groundball, 34S, EV 71.2 MPH) Jose Carlos to third
|
Batting: RHB Victor Arroyo
|
0-0: Swinging Strike 0-1: Ball 1-1: Ball 2-1: Called Strike 2-2: Foul Ball, location: 2F 2-2: Foul Ball, location: 2F 2-2: Fly out, F8 (Flyball, 8LD, EV 94.4 MPH) Runner from 3rd tags up, SCORES, throw by CF
|
Batting: RHB Danny Krug
|
0-0: Ball 1-0: Swinging Strike 1-1: Swinging Strike 1-2: Ball 2-2: Fly out, F9 (Flyball, 9D, EV 96.2 MPH)
|
Bottom of the 1st over - 1 run, 1 hit, 0 errors, 0 left on base; Hartford 0 - Lakewood 1 |
TOP OF THE 2ND |
Hartford Yard Goats batting - Pitching for Lakewood BlueClaws : RHP William-Floyd Goof
|
Batting: SHB In-sung Lee
|
0-0: Ground out U3 (Groundball, 3, EV 82.5 MPH)
|
Batting: RHB Justin Williams
|
0-0: Called Strike 0-1: Ball 1-1: Foul Ball, location: 2F 1-2: Ball 2-2: Ground out 3-1 (Groundball, 34, EV 86.9 MPH)
|
Batting: RHB Kian-tat Chen
|
0-0: Ball 1-0: Called Strike 1-1: Ball 2-1: DOUBLE (Groundball, 5L, EV 104.4 MPH)
|
Batting: RHB Eric Delgado
|
0-0: Called Strike 0-1: Called Strike 0-2: Ball 1-2: Ball 2-2: Foul Ball, location: 2F 2-2: Ball 3-2: Foul Ball, location: 2F 3-2: Strikes out looking
|
Top of the 2nd over - 0 runs, 1 hit, 0 errors, 1 left on base; Hartford 0 - Lakewood 1 |
BOTTOM OF THE 2ND |
Lakewood BlueClaws batting - Pitching for Hartford Yard Goats : RHP Sipi Kilpinen
|
Batting: RHB Kyle Morse
|
0-0: Called Strike 0-1: Ball 1-1: Ball 2-1: Ball 3-1: SINGLE (Groundball, 6MS, EV 62.5 MPH) (infield hit)
|
Batting: RHB Steve Jones
|
0-0: Ball 1-0: Called Strike 1-1: Swinging Strike 1-2: Strikes out swinging
|
Batting: SHB Mike Rueth
|
0-0: Ball 1-0: Ball 2-0: Fielders Choice at 2nd, 1-6 (Groundball, 13S, EV 68.8 MPH)
|
Batting: RHB Pablo Lopez
|
0-0: Ball 1-0: Called Strike 1-1: Swinging Strike 1-2: Foul Ball, location: 2F 1-2: Ball 2-2: Foul Ball, location: 2F 2-2: Ground out 4-3 (Groundball, 4S, EV 86.9 MPH)
|
Bottom of the 2nd over - 0 runs, 1 hit, 0 errors, 1 left on base; Hartford 0 - Lakewood 1 |
TOP OF THE 3RD |
Hartford Yard Goats batting - Pitching for Lakewood BlueClaws : RHP William-Floyd Goof
|
Batting: RHB Steve Waltenbery
|
0-0: Ball 1-0: Called Strike 1-1: Ground out 6-3 (Groundball, 6, EV 101.9 MPH)
|
Batting: LHB Mick Knopp
|
0-0: Called Strike 0-1: Called Strike 0-2: Ball 1-2: Ball 2-2: Ball 3-2: Base on Balls
|
Batting: SHB Eddie Quinones
|
0-0: Ball 1-0: Ball 2-0: Ball 3-0: Base on Balls Mick Knopp to second
|
Batting: SHB Pete Perla
|
0-0: Foul Ball, location: 2F 0-1: Ball 1-1: Ball 2-1: SINGLE (Flyball, 89S, EV 89.4 MPH) Mick Knopp to third Eddie Quinones to second
|
Batting: LHB Jeremy Brammer
|
0-0: Ball 1-0: Ball 2-0: Ball 3-0: Base on Balls Mick Knopp scores Eddie Quinones to third Pete Perla to second
|
Batting: SHB In-sung Lee
|
0-0: Ball 1-0: Foul Ball, location: 2F 1-1: Foul Ball, location: 2F 1-2: Ball 2-2: Ball 3-2: Base on Balls Eddie Quinones scores Pete Perla to third Jeremy Brammer to second
|
Batting: RHB Justin Williams
|
0-0: Called Strike 0-1: DOUBLE (Line Drive, 7LD, EV 106.2 MPH) Pete Perla scores Jeremy Brammer scores In-sung Lee to third Runner from 3rd tries for Home, SAFE, throw by LF to trailing runner, OUT at third! 7-3-5
|
Batting: RHB Kian-tat Chen
|
0-0: Ball 1-0: Called Strike 1-1: Swinging Strike 1-2: Ground out 5-3 (Groundball, 56S, EV 91.2 MPH)
|
Top of the 3rd over - 5 runs, 2 hits, 0 errors, 0 left on base; Hartford 5 - Lakewood 1 |
BOTTOM OF THE 3RD |
Lakewood BlueClaws batting - Pitching for Hartford Yard Goats : RHP Sipi Kilpinen
|
Batting: RHB Pedro Mata
|
0-0: Called Strike 0-1: SINGLE (Groundball, 34D, EV 105.0 MPH)
|
Batting: LHB Jose Carlos
|
0-0: Foul Ball, location: 2F 0-1: Ball 1-1: Swinging Strike 1-2: Foul Ball, location: 2F 1-2: Foul Ball, location: 2F 1-2: Foul Ball, location: 2F 1-2: Ball 2-2: Foul Ball, location: 2F 2-2: Ball 3-2: Base on Balls Pedro Mata to second
|
Batting: SHB Bob Dixon
|
0-0: Called Strike 0-1: Ball 1-1: Foul Ball, location: 2F 1-2: Foul Ball, location: 2F 1-2: Ball 2-2: Foul Ball, location: 2F 2-2: Grounds into double play, 4-6-3 (Groundball, 13, EV 93.1 MPH) Pedro Mata to third
|
Batting: RHB Victor Arroyo
|
0-0: Ball 1-0: Foul Ball, location: 2F 1-1: Ball 2-1: Ball 3-1: Base on Balls
|
Batting: RHB Danny Krug
|
0-0: Called Strike 0-1: Ball 1-1: Called Strike 1-2: Strikes out swinging
|
Bottom of the 3rd over - 0 runs, 1 hit, 0 errors, 2 left on base; Hartford 5 - Lakewood 1 |
TOP OF THE 4TH |
Hartford Yard Goats batting - Pitching for Lakewood BlueClaws : RHP William-Floyd Goof
|
Batting: RHB Eric Delgado
|
0-0: Fly out, F9 (Flyball, 89S, EV 91.9 MPH)
|
Batting: RHB Steve Waltenbery
|
0-0: Foul Ball, location: 2F 0-1: Ball 1-1: Fly out, F7 (Line Drive, 7D, EV 99.4 MPH)
|
Batting: LHB Mick Knopp
|
0-0: Ball 1-0: Ground out 4-3 (Groundball, 34, EV 78.1 MPH)
|
Top of the 4th over - 0 runs, 0 hits, 0 errors, 0 left on base; Hartford 5 - Lakewood 1 |
BOTTOM OF THE 4TH |
Lakewood BlueClaws batting - Pitching for Hartford Yard Goats : RHP Sipi Kilpinen
|
Batting: RHB Kyle Morse
|
0-0: Called Strike 0-1: Foul Ball, location: 2F 0-2: Ball 1-2: Fly out, F9 (Line Drive, 9, EV 95.6 MPH)
|
Batting: RHB Steve Jones
|
0-0: Called Strike 0-1: Foul Ball, location: 2F 0-2: Ground out 5-3 (Groundball, 56D, EV 85.0 MPH)
|
Batting: SHB Mike Rueth
|
0-0: Ball 1-0: Ball 2-0: Foul Ball, location: 2F 2-1: Ball 3-1: Base on Balls
|
Batting: RHB Pablo Lopez
|
0-0: Ball 1-0: Fielders Choice at 2nd, 6-4 (Groundball, 6, EV 84.4 MPH)
|
Bottom of the 4th over - 0 runs, 0 hits, 0 errors, 1 left on base; Hartford 5 - Lakewood 1 |
TOP OF THE 5TH |
Hartford Yard Goats batting - Pitching for Lakewood BlueClaws : RHP William-Floyd Goof
|
Batting: SHB Eddie Quinones
|
0-0: Ground out 4-3 (Groundball, 4M, EV 85.6 MPH)
|
Batting: SHB Pete Perla
|
0-0: Ball 1-0: Called Strike 1-1: Ground out 5-3 (Groundball, 56S, EV 79.4 MPH)
|
Batting: LHB Jeremy Brammer
|
0-0: Ball 1-0: Called Strike 1-1: Foul Ball, location: 2F 1-2: Hit by Pitch
|
Pitching: RHP Omar Pineda
|
|
Batting: SHB In-sung Lee
|
0-0: Ball 1-0: Called Strike 1-1: Ball 2-1: Ball 3-1: Foul Ball, location: 2F 3-2: Foul Ball, location: 2F 3-2: Base on Balls Jeremy Brammer to second
|
Batting: RHB Justin Williams
|
0-0: Ball 1-0: Ball 2-0: Ball 3-0: Called Strike 3-1: Base on Balls Jeremy Brammer to third In-sung Lee to second
|
Batting: RHB Kian-tat Chen
|
0-0: Ball 1-0: Called Strike 1-1: Foul Ball, location: 2F 1-2: Foul Ball, location: 2F 1-2: Foul Ball, location: 2F 1-2: Ball 2-2: Foul Ball, location: 2F 2-2: Ball 3-2: Foul Ball, location: 2F 3-2: Foul Ball, location: 2F 3-2: SINGLE (Line Drive, 4D, EV 96.9 MPH) Jeremy Brammer scores In-sung Lee to third Justin Williams to second In-sung Lee scores Justin Williams to third
|
Batting: RHB Eric Delgado
|
0-0: Ground out 4-3 (Groundball, 4, EV 90.0 MPH)
|
Top of the 5th over - 2 runs, 1 hit, 0 errors, 2 left on base; Hartford 7 - Lakewood 1 |
BOTTOM OF THE 5TH |
Lakewood BlueClaws batting - Pitching for Hartford Yard Goats : RHP Sipi Kilpinen
|
Pitching: RHP Nate Dallman
|
|
Batting: RHB Pedro Mata
|
0-0: Called Strike 0-1: Foul Ball, location: 2F 0-2: Ground out 5-3 (Groundball, 5D, EV 103.8 MPH)
|
Batting: LHB Jose Carlos
|
0-0: Called Strike 0-1: Foul Ball, location: 2F 0-2: Ball 1-2: Foul Ball, location: 2F 1-2: Strikes out swinging
|
Batting: SHB Bob Dixon
|
0-0: Foul Ball, location: 2F 0-1: Ball 1-1: SOLO HOME RUN (Flyball, 9D, EV 103.1 MPH), Distance : 388 ft
|
Batting: RHB Victor Arroyo
|
0-0: Ball 1-0: Called Strike 1-1: Ball 2-1: Foul Ball, location: 2F 2-2: Strikes out swinging
|
Bottom of the 5th over - 1 run, 1 hit, 0 errors, 0 left on base; Hartford 7 - Lakewood 2 |
TOP OF THE 6TH |
Hartford Yard Goats batting - Pitching for Lakewood BlueClaws : RHP Omar Pineda
|
Batting: RHB Steve Waltenbery
|
0-0: Swinging Strike 0-1: Ball 1-1: TRIPLE (Flyball, 9LD, EV 101.2 MPH)
|
Batting: LHB Mick Knopp
|
0-0: Fly out, F8 (Flyball, 89M, EV 85.0 MPH) Runner from 3rd tags up, SCORES, throw by CF
|
Batting: SHB Eddie Quinones
|
0-0: Called Strike 0-1: Ball 1-1: Called Strike 1-2: Ball 2-2: Ground out 5-3 (Groundball, 56, EV 100.0 MPH)
|
Batting: SHB Pete Perla
|
0-0: Swinging Strike 0-1: Ball 1-1: Ball 2-1: Foul Ball, location: 2F 2-2: Ball 3-2: Base on Balls
|
Pitching: LHP Scott Hopkins
|
|
Batting: LHB Jeremy Brammer
|
0-0: Called Strike 0-1: Ball 1-1: Ball 2-1: Swinging Strike 2-2: Strikes out looking
|
Top of the 6th over - 1 run, 1 hit, 0 errors, 1 left on base; Hartford 8 - Lakewood 2 |
BOTTOM OF THE 6TH |
Lakewood BlueClaws batting - Pitching for Hartford Yard Goats : RHP Nate Dallman
|
Batting: RHB Danny Krug
|
0-0: Ball 1-0: Ball 2-0: Ball 3-0: Called Strike 3-1: SINGLE (Line Drive, 34, EV 99.4 MPH)
|
Batting: RHB Kyle Morse
|
0-0: Called Strike 0-1: Foul Ball, location: 2F 0-2: Fly out, F6 (Popup, 56, EV 79.4 MPH)
|
Pitching: RHP Tony Barragan
|
|
Batting: RHB Steve Jones
|
0-0: Called Strike 0-1: Fly out, F7 (Flyball, 7LM, EV 82.5 MPH)
|
Batting: SHB Mike Rueth
|
0-0: Called Strike 0-1: Foul Ball, location: 2F 0-2: Ball 1-2: Ball 2-2: Foul Ball, location: 2F 2-2: Ground out 4-3 (Groundball, 4, EV 91.2 MPH)
|
Bottom of the 6th over - 0 runs, 1 hit, 0 errors, 1 left on base; Hartford 8 - Lakewood 2 |
TOP OF THE 7TH |
Hartford Yard Goats batting - Pitching for Lakewood BlueClaws : LHP Scott Hopkins
|
Batting: SHB In-sung Lee
|
0-0: Called Strike 0-1: Fly out, F3 (Flyball, 3D, EV 80.0 MPH)
|
Batting: RHB Justin Williams
|
0-0: Ball 1-0: Ball 2-0: Ball 3-0: Base on Balls
|
Batting: RHB Kian-tat Chen
|
0-0: Ball 1-0: Foul Ball, location: 2F 1-1: Swinging Strike 1-2: Ball 2-2: Ball 3-2: Base on Balls Justin Williams to second
|
Batting: RHB Eric Delgado
|
0-0: Ball 1-0: Ball 2-0: Foul Ball, location: 2F 2-1: Called Strike 2-2: Ball 3-2: Foul Ball, location: 2F 3-2: Ground out 5-3 (Groundball, 5S, EV 65.6 MPH) Justin Williams to third Kian-tat Chen to second
|
Batting: RHB Steve Waltenbery
|
0-0: Called Strike 0-1: Called Strike 0-2: Ball 1-2: Ground out 5-3 (Groundball, 56, EV 87.5 MPH)
|
Top of the 7th over - 0 runs, 0 hits, 0 errors, 2 left on base; Hartford 8 - Lakewood 2 |
BOTTOM OF THE 7TH |
Lakewood BlueClaws batting - Pitching for Hartford Yard Goats : RHP Tony Barragan
|
Batting: RHB Pablo Lopez
|
0-0: Swinging Strike 0-1: Foul Ball, location: 2F 0-2: Strikes out swinging
|
Batting: RHB Pedro Mata
|
0-0: Ball 1-0: Ball 2-0: Ground out 6-3 (Groundball, 6S, EV 70.6 MPH)
|
Batting: LHB Jose Carlos
|
0-0: Ball 1-0: Ball 2-0: Ball 3-0: Called Strike 3-1: Called Strike 3-2: Base on Balls
|
Batting: SHB Bob Dixon
|
0-0: Foul Ball, location: 2F 0-1: Called Strike 0-2: Foul Ball, location: 2F 0-2: Foul Ball, location: 2F 0-2: Ball Wild Pitch! Jose Carlos to second 1-2: Fly out, F8 (Flyball, 8RM, EV 96.2 MPH)
|
Bottom of the 7th over - 0 runs, 0 hits, 0 errors, 1 left on base; Hartford 8 - Lakewood 2 |
TOP OF THE 8TH |
Hartford Yard Goats batting - Pitching for Lakewood BlueClaws : LHP Scott Hopkins
|
Batting: LHB Mick Knopp
|
0-0: Ground out 6-3 (Groundball, 6, EV 98.8 MPH)
|
Batting: SHB Eddie Quinones
|
0-0: Called Strike 0-1: Ball 1-1: Ball 2-1: Fly out, F4 (Popup, 4, EV 69.4 MPH)
|
Batting: SHB Pete Perla
|
0-0: Foul Ball, location: 2F 0-1: Foul Ball, location: 2F 0-2: Foul Ball, location: 2F 0-2: Fly out, F8 (Flyball, 78XD, EV 90.6 MPH)
|
Top of the 8th over - 0 runs, 0 hits, 0 errors, 0 left on base; Hartford 8 - Lakewood 2 |
BOTTOM OF THE 8TH |
Lakewood BlueClaws batting - Pitching for Hartford Yard Goats : RHP Tony Barragan
|
Batting: RHB Victor Arroyo
|
0-0: Foul Ball, location: 2F 0-1: Foul Ball, location: 2F 0-2: Ball 1-2: Ball 2-2: Ball 3-2: Fly out, F4 (Popup, 34D, EV 51.2 MPH)
|
Pitching: LHP Ryan Morlan
|
|
Batting: RHB Danny Krug
|
0-0: Ball 1-0: Foul Ball, location: 2F 1-1: Foul Ball, location: 2F 1-2: Ball 2-2: Strikes out swinging
|
Batting: RHB Kyle Morse
|
0-0: Called Strike 0-1: Called Strike 0-2: Foul Ball, location: 2F 0-2: Ball 1-2: Foul Ball, location: 2F 1-2: Strikes out looking
|
Bottom of the 8th over - 0 runs, 0 hits, 0 errors, 0 left on base; Hartford 8 - Lakewood 2 |
TOP OF THE 9TH |
Hartford Yard Goats batting - Pitching for Lakewood BlueClaws : LHP Scott Hopkins
|
Pitching: RHP Derek Ziolkowski
|
|
Batting: LHB Jeremy Brammer
|
0-0: SINGLE (Line Drive, 78M, EV 107.5 MPH)
|
Batting: SHB In-sung Lee
|
0-0: Ball 1-0: Ball 2-0: Ball 3-0: Base on Balls Jeremy Brammer to second
|
Batting: RHB Justin Williams
|
0-0: Ball 1-0: Foul Ball, location: 2F 1-1: Swinging Strike 1-2: Strikes out looking
|
Batting: RHB Kian-tat Chen
|
0-0: Called Strike 0-1: Swinging Strike 0-2: Strikes out swinging
|
Batting: RHB Eric Delgado
|
0-0: Foul Ball, location: 2F 0-1: Called Strike 0-2: Ball 1-2: Strikes out swinging
|
Top of the 9th over - 0 runs, 1 hit, 0 errors, 2 left on base; Hartford 8 - Lakewood 2 |
BOTTOM OF THE 9TH |
Lakewood BlueClaws batting - Pitching for Hartford Yard Goats : LHP Ryan Morlan
|
Batting: RHB Steve Jones
|
0-0: Ball 1-0: Called Strike 1-1: Hit by Pitch
|
Pinch Hitting: RHB Manny Mendoza
|
0-0: Called Strike 0-1: Fielders Choice at 2nd, 6-4 (Groundball, 6, EV 87.5 MPH)
|
Batting: RHB Pablo Lopez
|
0-0: Called Strike 0-1: Ball 1-1: Foul Ball, location: 2F 1-2: Strikes out looking
|
Batting: RHB Pedro Mata
|
0-0: Ball 1-0: Foul Ball, location: 2F 1-1: Called Strike 1-2: Foul Ball, location: 2F 1-2: Foul Ball, location: 2F 1-2: Ball 2-2: Strikes out swinging
|
Bottom of the 9th over - 0 runs, 0 hits, 0 errors, 1 left on base; Hartford 8 - Lakewood 2 |
|